 Dungeon Crawl Stone Soup version 0.20-a0-970-gcd8f41e (webtiles) character file.

687 MrRokkomies the Slasher (level 7, 0/59 HPs)
             Began as a Bultungin Skald on Apr 8, 2017.
             Slain by a worker ant (7 damage)
             ... on level 4 of the Dungeon.
             The game lasted 00:08:45 (4130 turns).

MrRokkomies the Slasher (Bultungin Skald)           Turns: 4130, Time: 00:08:45

Health: 0/59       AC:  7    Str: 12    XL:     7   Next: 62%
Magic:  11/11      EV: 12    Int: 14    God:
Gold:   150        SH:  0    Dex: 13    Spells: 4/12 levels left

rFire    + . .     SeeInvis +   a - +0 falchion
rCold    . . .     Gourm    .   (no shield)
rNeg     . . .     Faith    .   e - +1 leather armour {rF+}
rPois    .         Spirit   .   (no helmet)
rElec    .         Reflect  .   (no cloak)
rCorr    .         Harm     .   (no gloves)
MR       .....                  (no boots)
Stlth    +.........             (no amulet)
Regen    0.0/turn               f - ring of flight
MPRegen  0.2/turn               (no ring)

@: lethally poisoned (0 -> -11)
A: short attention span, fangs 1, talons 1, iridescent scales 1, see invisible,
shaggy fur 1, inhibited regeneration, strong nose
a: Evoke Flight


You were on level 4 of the Dungeon.
You were near starving.

You visited 1 branch of the dungeon, and saw 4 of its levels.

You collected 150 gold pieces.

Inventory:

Hand Weapons
 a - a +0 falchion (weapon)
 b - a +0 hunting sling
Missiles
 g - 42 stones (quivered)
Armour
 e - a +1 leather armour of fire resistance (worn)
Jewellery
 f - a ring of flight (left hand)
Wands
 i - a wand of iceblast (8/15)
 l - a wand of flame (28/48)
Scrolls
 h - a scroll of amnesia
Books
 c - a book of Battle

   Spells                             Type                      Level
   a - Infusion                       Charms                       1
   b - Shroud of Golubria             Charms/Translocation         2
   c - Song of Slaying                Charms                       2
   d - Spectral Weapon                Hexes/Charms                 3
   e - Regeneration                   Charms/Necromancy            3
Comestibles
 d - 2 bread rations
 o - 4 fruits


   Skills:
 * Level 6.7 Fighting
 * Level 7.7 Long Blades
 - Level 1.5 Armour
 - Level 3.0 Dodging
 - Level 3.2 Spellcasting
 * Level 0.4 Hexes
 - Level 5.6 Charms
 - Level 5.1 Translocations


You had 4 spell levels left.
You knew the following spells:

 Your Spells              Type           Power        Failure   Level  Hunger
a - Infusion              Chrm           ###.         3%          1    #......
b - Shroud of Golubria    Chrm/Tloc      ###.......   6%          2    ##.....
c - Song of Slaying       Chrm           ###.....     6%          2    ##.....
d - Spectral Weapon       Hex/Chrm       ##......     28%         3    ###....


Dungeon Overview and Level Annotations

Branches:
Dungeon (4/15)
 Temple: D:4-7

Altars:
Ashenzari
Gozag
Nemelex Xobeh
Qazlal
Vehumet

Annotations:
D:3 emsyzz's ghost, amateur BuWn


Innate Abilities, Weirdness & Mutations

You have a short attention span.
You have very sharp teeth.
You have supernaturally acute eyesight. (SInv)
Your uncanny sense of smell can sniff out nearby items.
You have sharp toenails.
You are partially covered in iridescent scales. (AC +2)
You are covered in fur. (AC +1)
You do not regenerate when monsters are visible.


Message History

The worker ant is lightly wounded.
You feel sick. The worker ant misses you. The worker ant barely misses you.
The worker ant bites you.
You completely miss the worker ant. You claw the worker ant.
The worker ant is lightly wounded.
The worker ant bites you!
* * * LOW HITPOINT WARNING * * *
You are lethally poisoned!
The worker ant poisons you! The worker ant barely misses you.
You hit the worker ant.
The worker ant is moderately wounded.
* * * LOW HITPOINT WARNING * * *
You feel sick. The worker ant closely misses you. The worker ant bites you.
* * * LOW HITPOINT WARNING * * *
You barely miss the worker ant.
The worker ant is moderately wounded.
The worker ant bites you but does no damage. x2
* * * LOW HITPOINT WARNING * * *
You feel sick. The worker ant bites you!
You die...

.......###.##......
<.....p'...........
.......###......... ###
.......# #........) ....
###....###.........
..... #........##......
#.....
#####.....###..###......
##......####........
∆##.......@.a.......
#.......a#........
######'###........ #.#
#........ ∆ #.#
#........ ∆ ..#
#........ ### #........
#########


You could see 2 worker ants.

Vanquished Creatures
  Pikel (D:4)
  Jessica (D:3)
  Natasha (twice) (D:3)
  4 adders
  An ooze (D:3)
  An adder skeleton (D:4)
  7 worms (D:2)
  3 dart slugs
  3 leopard geckos
  5 orcs (D:3)
  6 bats
  2 giant cockroaches
  4 goblins
  8 hobgoblins
  13 jackals
  A quokka (D:1)
  4 frilled lizards (D:2)
  8 kobolds
  7 rats
81 creatures vanquished.

Vanquished Creatures (others)
  Eustachio (D:4)
  A slave (D:4)
  An ogre (D:4)
  An adder (D:4)
  A giant cockroach (D:3)
  A hobgoblin (D:3)
  2 quokkas
8 creatures vanquished.

Grand Total: 89 creatures vanquished

Notes
Turn   | Place    | Note
-------+----------+-------------------------------------------
     0 | D:1      | MrRokkomies the Bultungin Skald began the quest for the Orb.
     0 | D:1      | Reached XP level 1. HP: 18/18 MP: 4/4
    55 | D:1      | Reached XP level 2. HP: 8/24 MP: 6/6
   251 | D:1      | Learned a level 2 spell: Shroud of Golubria
   371 | D:1      | Reached skill level 5 in Charms
   680 | D:1      | Reached skill level 4 in Long Blades
   770 | D:2      | Reached XP level 3. HP: 8/29 MP: 0/7
  1579 | D:2      | Found a sparkling altar of Nemelex Xobeh.
  1718 | D:2      | Reached skill level 5 in Long Blades
  1718 | D:2      | Reached XP level 4. HP: 14/35 MP: 8/8
  2319 | D:2      | Gained mutation: You do not regenerate when monsters are visible. [potion of mutation]
  2319 | D:2      | Gained mutation: You are covered in fur. (AC +1) [potion of mutation]
  2319 | D:2      | Gained mutation: You are partially covered in iridescent scales. (AC +2) [potion of mutation]
  2319 | D:2      | Gained mutation: You have sharp toenails. [potion of mutation]
  2557 | D:2      | Learned a level 2 spell: Song of Slaying
  2561 | D:2      | Learned a level 3 spell: Spectral Weapon
  2573 | D:3      | Found a faded altar of an unknown god.
  2594 | D:3      | Noticed Jessica
  2605 | D:3      | Killed Jessica
  2605 | D:3      | Reached skill level 1 in Translocations
  2605 | D:3      | Reached XP level 5. HP: 37/42 MP: 9/9
  2680 | D:3      | Found a stormy altar of Qazlal.
  2699 | D:3      | Found an opulent altar of Gozag.
  2774 | D:3      | Reached skill level 6 in Long Blades
  2985 | D:3      | Noticed Natasha
  2994 | D:3      | Killed Natasha
  3003 | D:3      | Noticed Natasha
  3013 | D:3      | Killed Natasha
  3219 | D:3      | Found a radiant altar of Vehumet.
  3399 | D:3      | Noticed emsyzz's ghost (amateur BuWn)
  3582 | D:3      | Reached XP level 6. HP: 27/49 MP: 10/10
  3944 | D:3      | Found a shattered altar of Ashenzari.
  3969 | D:4      | Noticed Pikel
  3969 | D:4      | Noticed a slave
  3969 | D:4      | Noticed a slave
  3969 | D:4      | Noticed a slave
  3969 | D:4      | Noticed a slave
  4009 | D:4      | Killed Pikel
  4009 | D:4      | Reached skill level 7 in Long Blades
  4009 | D:4      | Reached skill level 5 in Translocations
  4009 | D:4      | Reached XP level 7. HP: 16/59 MP: 1/11
  4104 | D:4      | Killed Eustachio
  4130 | D:4      | Slain by a worker ant

Vault maps used:
D:1:      saegor_arrival_simple_a
D:2:      old_standard_altar, first_bread
D:3:      nicolae_gozag_seed_capital, nicolae_qazlal_eye_of_the_storm,
          old_standard_altar, old_standard_altar,
          chequers_ecumenical_altar_simple, uniq_jessica, uniq_natasha
D:4:      nicolae_dithmenos_shadow_blocks, minmay_misc_feat_iff,
          minmay_statues_item, trog_hazing_becter, uniq_pikel, uniq_sigmund,
          uniq_grinder, uniq_eustachio

Skill      XL: |  1  2  3  4  5  6 |
---------------+-------------------+-----
Charms         | 5 |  5.6
Long Blades    | 4 5 6 7 |  7.7
Translocations | 1 2 5 |  5.1
Fighting       | 4 6 |  6.7
Armour         | |  1.5
Dodging        | |  3.0
Spellcasting   | |  3.2
Hexes          | |  0.4

Action                   |  1- 3 |  4- 6 |  7- 9 || total
-------------------------+-------+-------+-------++-------
Melee: Falchion          |   143 |   174 |    11 ||   328
       Bite              |    15 |    17 |       ||    32
       Kick              |       |    39 |     4 ||    43
 Fire: Hunting sling     |    58 |    15 |       ||    73
 Cast: Infusion          |     2 |     2 |       ||     4
       Shroud of Golubri |       |     1 |       ||     1
  Use: Scroll            |     3 |     3 |       ||     6
       Potion            |     1 |     5 |       ||     6
 Stab: Invisible         |       |     3 |       ||     3
  Eat: Chunk             |     2 |     7 |       ||     9
Armor: Leather armour    |    37 |    59 |     4 ||   100
Dodge: Dodged            |    98 |   124 |    11 ||   233
       Rpst.: Falchion   |    31 |    35 |     1 ||    67
